Map: [ESL] Waterfall

Players

Maru - Winner!

  • Race: Terran Terran
  • League: Master
  • Spawn Location: 7:00

ByuN

  • Race: Terran Terran
  • Spawn Location: 1:00

VOD

Have the link to the VOD?

Description

Time

  • Played on: Nov. 6, 2022, 6:30 a.m.
  • Length: 30:50
Show
View Real Time Build Order
Export as new Build Order

Maru Terran - Winner!

Build Orders:  

Get SALT Encoding   

  12  0:00  SCV  
  13  0:14  Supply Depot  
  13  0:18  SCV  
  14  0:36  Barracks  
  14  0:40  Refinery  
  14  0:53  Barracks  
  14  0:58  SCV  
  15  1:10  SCV  
  16  1:23  Orbital Command  
  16  1:24  Reaper  
  17  1:32  Refinery  
  17  1:42  Reaper  
  18  1:49  SCV  
  19  2:00  Reaper  
  19  2:01  SCV  
  21  2:07  Supply Depot  
  20  2:13  SCV  
  20  2:14  Reaper  
  21  2:25  SCV  
  22  2:31  Factory  
  22  2:37  SCV  
  23  2:47  Reaper  
  23  2:49  SCV  
  25  3:05  SCV  
  26  3:08  Command Center  
  26  3:15  Factory Tech Lab  
  26  3:17  SCV  
  26  3:18  Supply Depot  
  27  3:29  SCV  
  28  3:35  Cyclone  
  28  3:36  Mag-Field Accelerator  
  30  3:41  SCV  
  31  3:51  Starport  
  31  3:54  SCV  
  32  4:06  SCV  
  32  4:08  Supply Depot  
  32  4:09  Cyclone  
  36  4:16  Refinery  
  36  4:18  SCV  
  36  4:21  Orbital Command  
  37  4:28  Medivac  
  37  4:30  SCV  
  40  4:36  Bunker  
  40  4:42  SCV  
  40  4:44  Cyclone, Marine  
  45  4:48  SCV  
  46  4:53  Supply Depot  
  46  4:55  SCV  
  46  4:58  Starport Reactor  
  47  5:00  SCV  
  47  5:07  SCV  
  49  5:12  SCV  
  50  5:16  Siege Tank  
  50  5:19  SCV  
  54  5:24  SCV  
  53  5:31  SCV  
  53  5:34  Command Center  
  52  5:36  Viking, SCV  
  52  5:37  Viking  
  55  5:43  SCV  
  55  5:49  Siege Tank  
  58  5:51  SCV  
  58  5:54  Barracks Tech Lab  
  58  5:55  SCV  
  60  6:01  Supply Depot  
  60  6:03  SCV  
  61  6:07  Refinery, SCV  
  64  6:13  Liberator  
  64  6:15  SCV  
  66  6:19  SCV  
  66  6:24  Viking  
  68  6:27  SCV  
  68  6:31  SCV  
  68  6:33  Marine  
  68  6:39  SCV  
  70  6:43  SCV, Siege Tank  
  74  6:51  SCV, Marine  
  77  6:55  Viking, SCV  
  77  6:59  Stimpack, Orbital Command  
  79  7:03  SCV  
  79  7:04  Viking  
  79  7:08  SCV, Marine  
  84  7:16  SCV  
  84  7:20  SCV  
  83  7:24  Barracks  
  83  7:25  Barracks  
  83  7:26  SCV  
  83  7:28  SCV  
  84  7:35  SCV  
  76  7:38  SCV  
  71  7:47  SCV  
  71  7:48  Engineering Bay  
  71  7:49  SCV  
  71  7:50  Engineering Bay, SCV  
  74  7:58  Siege Tank  
  77  8:00  SCV  
  77  8:01  SCV  
  79  8:12  SCV  
  80  8:16  Terran Infantry Armor Level 1, Terran Infantry Weapons Level 1  
  80  8:17  SCV, Missile Turret, Starport Reactor  
  80  8:18  Barracks Reactor  
  81  8:21  SCV  
  81  8:25  SCV  
  81  8:29  SCV  
  81  8:33  SCV  
  82  8:34  Siege Tank  
  82  8:38  SCV  
  82  8:39  Combat Shield, Marine  
  85  8:41  SCV  
  86  8:49  Marine  
  86  8:50  Marine  
  86  8:54  Supply Depot  
  88  8:57  Marine  
  88  8:58  Medivac, Orbital Command  
  88  8:59  Medivac  
  88  9:00  Barracks x2  
  93  9:03  Supply Depot  
  93  9:11  Marine  
  93  9:16  Siege Tank, Marine  
  97  9:21  Marine x2  
  97  9:22  Marine  
  98  9:25  SCV  
  98  9:29  Marine  
  98  9:30  SCV x2, Medivac x2  
  104  9:33  Supply Depot, Marine  
  103  9:39  Marine x3  
  103  9:44  SCV x3  
  105  9:47  Barracks Reactor x2, Sensor Tower, Marine  
  106  9:56  Supply Depot, SCV, Siege Tank  
  110  10:00  Supply Depot  
  110  10:01  Marine x3  
  110  10:05  Armory  
  113  10:07  Supply Depot  
  113  10:09  Marine  
  113  10:17  Marine  
  113  10:19  Marine  
  112  10:23  Marine x2  
  112  10:24  Marine x2  
  112  10:26  Marine  
  112  10:27  Marine  
  112  10:28  Siege Tank  
  118  10:29  Viking x2  
  118  10:33  Marine  
  118  10:35  Marine  
  123  10:38  SCV x3  
  123  10:41  Sensor Tower  
  127  10:49  Command Center  
  127  10:50  SCV  
  127  10:52  SCV x2  
  127  10:53  Missile Turret  
  127  10:56  Terran Infantry Weapons Level 2  
  130  11:02  SCV  
  131  11:10  Terran Vehicle Weapons Level 1  
  131  11:15  Siege Tank  
  131  11:16  Refinery x2  
  131  11:18  Supply Depot  
  130  11:22  SCV  
  131  11:29  Marine x2  
  131  11:32  Supply Depot  
  133  11:33  Supply Depot  
  133  11:34  Supply Depot  
  133  11:35  Missile Turret  
  133  11:36  Missile Turret  
  133  11:38  Missile Turret  
  133  11:39  Marine  
  134  11:44  Marine  
  135  11:47  Viking x2  
  135  11:54  Siege Tank  
  142  12:00  Factory  
  142  12:02  Barracks Reactor  
  142  12:04  SCV x3  
  142  12:07  Marine  
  146  12:13  Marine  
  145  12:16  Liberator  
  145  12:17  Liberator  
  145  12:21  SCV x2  
  153  12:29  Marine  
  149  12:30  Marine x2  
  149  12:31  Siege Tank  
  149  12:35  Marine  
  149  12:36  Marine x3  
  150  12:38  Command Center  
  150  12:41  Marine  
  151  12:45  Siege Tank  
  151  12:48  Supply Depot  
  151  12:50  Supply Depot  
  151  13:00  Marine x6  
  151  13:03  Viking x2, Siege Tank  
  164  13:17  Terran Infantry Weapons Level 3  
  164  13:18  Terran Infantry Armor Level 2  
  164  13:22  Marine x4  
  165  13:28  Marine  
  165  13:32  Refinery, Siege Tank, Marine  
  170  13:35  Missile Turret  
  170  13:38  Siege Tank, Marine  
  174  13:45  Marine  
  170  13:55  Marine  
  170  14:00  Liberator x2, Marine  
  170  14:01  Marine x4  
  182  14:08  Marine x4  
  186  14:13  Siege Tank, Marine  
  185  14:21  Marine  
  185  14:22  Siege Tank, Marine x3  
  190  14:35  Marine  
  189  14:40  Planetary Fortress  
  189  14:45  Siege Tank  
  185  14:54  Marine x2  
  185  14:55  Liberator  
  183  15:01  Refinery  
  183  15:02  Refinery  
  183  15:03  Command Center  
  180  15:09  Missile Turret x2  
  180  15:16  Siege Tank  
  180  15:17  Missile Turret, Widow Mine  
  180  15:20  Missile Turret  
  182  15:27  Terran Vehicle Weapons Level 2  
  182  15:28  Marine x2  
  186  15:35  Marine x6  
  193  15:38  Siege Tank  
  190  15:51  Starport  
  190  15:52  Starport  
  190  15:53  Command Center  
  190  16:01  Medivac  
  188  16:13  Siege Tank x2  
  188  16:17  Marine  
  188  16:18  Marine  
  163  16:26  Viking  
  163  16:27  Marine  
  163  16:28  Marine x4  
  163  16:31  Viking  
  172  16:39  Viking x2  
  174  16:41  Marine x2  
  174  16:45  Siege Tank x2  
  174  16:47  Marine x2  
  182  16:50  Terran Infantry Armor Level 3  
  184  17:00  Planetary Fortress  
  184  17:01  Marine x7  
  184  17:02  Marine  
  184  17:04  Marine  
  184  17:07  Orbital Command  
  193  17:11  Viking  
  193  17:15  Liberator  
  193  17:17  Siege Tank  
  196  17:26  Marine  
  155  17:31  Marine x7  
  155  17:32  Marine  
  155  17:34  Marine  
  143  17:44  Siege Tank, Marine  
  138  17:45  Viking x2  
  138  17:46  Medivac  
  138  17:49  Marine x7  
  138  17:50  Marine  
  153  17:52  Marine  
  153  17:54  Missile Turret  
  153  17:58  Viking  
  156  18:01  Marine  
  157  18:07  Marine x6  
  163  18:13  Marine x3  
  163  18:15  Viking  
  163  18:19  Marine  
  163  18:24  Marine  
  163  18:25  Marine x5  
  163  18:26  Medivac x2  
  166  18:31  Marine x3  
  168  18:37  Marine  
  165  18:42  Medivac, Marine x4  
  165  18:43  Marine x2  
  172  18:49  Medivac, Marine x3  
  172  18:55  Marine  
  177  18:56  Medivac, Orbital Command  
  177  19:00  Marine x3  
  177  19:02  Viking, Marine  
  162  19:03  Marine x2  
  162  19:09  Marine x2  
  164  19:10  Marine  
  164  19:13  Marine  
  149  19:18  Marine x3  
  149  19:20  Marine  
  149  19:21  Marine  
  148  19:24  Marine  
  148  19:25  Siege Tank  
  148  19:26  SCV  
  148  19:27  Marine  
  148  19:28  Viking  
  156  19:37  Viking  
  156  19:38  Liberator  
  156  19:39  Marine x2  
  158  19:50  Viking  
  158  19:51  Marine x4  
  152  19:58  Viking  
  154  20:00  Siege Tank x2  
  157  20:07  Viking  
  156  20:14  Marine  
  156  20:17  Marine  
  156  20:19  Marine  
  156  20:20  Orbital Command  
  138  20:23  Marine  
  138  20:24  Marine  
  129  20:28  Marine  
  129  20:29  Marine x4  
  129  20:32  Siege Tank, Marine  
  129  20:34  Viking  
  129  20:35  Marine  
  141  20:37  Marine  
  142  20:45  Siege Tank  
  142  20:46  Marine x3  
  148  20:52  Viking  
  148  20:53  Marine  
  148  21:04  Siege Tank  
  148  21:05  Marine x4  
  155  21:18  Siege Tank, Marine x6  
  161  21:27  SCV  
  161  21:28  SCV x3  
  165  21:33  Marine  
  165  21:34  Marine x2  
  165  21:36  Viking x2, Siege Tank  
  165  21:38  Liberator  
  165  21:39  SCV  
  179  21:44  Sensor Tower  
  173  21:48  Liberator, Marine  
  173  21:50  Siege Tank  
  173  21:53  Marine  
  148  22:02  Marine  
  148  22:06  Marine  
  148  22:07  Marine x3  
  143  22:08  Medivac x2  
  143  22:11  Marine  
  143  22:12  Marine  
  143  22:13  Marine  
  143  22:14  Marine x2  
  137  22:20  Marine  
  138  22:24  Marine x4  
  138  22:29  Marine x2  
  140  22:31  Medivac, Marine x2  
  140  22:32  Orbital Command, Marine  
  140  22:37  SCV x2  
  148  22:38  Marine  
  148  22:42  Marine x2  
  151  22:45  Medivac  
  151  22:47  Siege Tank, Marine x3  
  151  22:49  SCV x2, Marine  
  151  22:50  Marine  
  163  22:57  SCV  
  164  23:01  SCV x2  
  164  23:04  Siege Tank  
  164  23:05  Marine  
  165  23:13  SCV, Marine  
  165  23:17  Marine  
  165  23:18  Marine x5  
  170  23:22  Marine x2  
  170  23:23  Marine  
  173  23:31  Marine  
  173  23:35  Marine x5  
  173  23:36  Marine  
  173  23:37  Missile Turret  
  173  23:39  Missile Turret, Marine  
  173  23:40  Marine x2  
  182  23:43  Siege Tank  
  182  23:44  Siege Tank  
  188  23:49  Marine  
  188  23:53  Marine x3  
  188  23:54  Starport Tech Lab x2  
  188  23:55  Terran Vehicle Weapons Level 3  
  192  24:04  Marine x3  
  192  24:07  Marine  
  192  24:08  Marine x3  
  160  24:11  Marine  
  160  24:12  Marine  
  160  24:13  Marine  
  161  24:21  Siege Tank, Marine  
  161  24:22  Marine x2  
  167  24:25  Marine x2  
  167  24:26  Marine x2  
  167  24:29  Marine  
  167  24:30  Marine  
  163  24:32  Marine  
  163  24:38  Command Center  
  162  24:39  Marine  
  162  24:40  Marine x2  
  162  24:43  Marine x4  
  162  24:46  Marine  
  162  24:48  Marine  
  162  24:49  Siege Tank, Marine  
  155  24:53  Siege Tank  
  155  24:57  Marine x2  
  155  24:58  Marine  
  147  25:01  Marine x4  
  147  25:04  Marine  
  147  25:06  Viking, Marine  
  152  25:07  Marine  
  149  25:15  Marine x3  
  146  25:27  Marine  
  146  25:28  Marine x4  
  150  25:38  Raven x2  
  154  25:46  Marine x2  
  156  26:02  Marine x5  
  161  26:07  SCV x2  
  161  26:19  SCV x2  
  163  26:31  SCV x2  
  163  26:33  Siege Tank, Marine x4  
  163  26:34  Medivac x2  
  172  26:43  SCV  
  172  26:46  Marine x2  
  175  26:51  Medivac x2  
  175  27:01  Orbital Command x2  
  175  27:02  Marine x5  
  175  27:07  Marine  
  167  27:17  Marine x2  
  167  27:20  Marine  
  163  27:28  Marine x7  
  148  27:35  Marine x2  
  137  27:38  Marine  
  133  27:46  Marine x7  
  133  27:48  Raven x2  
  132  27:53  Marine x2  
  132  27:56  Marine  
  119  28:03  Marine  
  119  28:04  Marine  
  112  28:07  Marine x5  
  112  28:09  Siege Tank  
  112  28:10  Marine  
  112  28:11  Marine  
  122  28:14  Marine  
  121  28:21  Marine  
  121  28:27  Marine x2  
  119  28:28  Marine  
  119  28:29  Marine  
  119  28:31  Marine x2  
  119  28:32  Marine x3  
  102  28:39  Marine  
  103  28:45  Marine x2  
  105  28:51  Marine x3  
  60  29:14  Raven  
  60  29:15  Raven  
  59  29:35  Marine  
  60  29:44  Orbital Command  
  60  29:49  Marine  
  52  29:56  Marine  
  52  29:58  Marine  
  39  30:31  Marine  
Show
View Real Time Build Order
Export as new Build Order

ByuN Terran 

Build Orders: 1/1/1 

Get SALT Encoding   

  12  0:00  SCV  
  13  0:12  SCV  
  14  0:17  Supply Depot  
  14  0:24  SCV  
  15  0:38  SCV  
  15  0:39  Barracks  
  16  0:43  Refinery  
  16  0:50  SCV  
  16  0:53  Refinery  
  17  1:02  SCV  
  18  1:15  SCV  
  19  1:25  Reaper  
  19  1:27  Orbital Command  
  19  1:32  Supply Depot  
  20  1:40  Factory  
  20  1:52  SCV  
  21  1:57  Marine  
  22  2:05  SCV  
  23  2:15  Marine  
  23  2:18  SCV  
  25  2:25  Hellion  
  25  2:27  Starport  
  27  2:33  Marine  
  28  2:37  Supply Depot  
  28  2:38  SCV  
  29  2:49  Hellion  
  31  3:00  Barracks Reactor, SCV  
  31  3:01  Supply Depot  
  32  3:06  Starport Tech Lab  
  32  3:11  Factory Tech Lab  
  32  3:13  SCV  
  33  3:27  Banshee  
  33  3:30  Cyclone  
  39  3:50  Supply Depot, Command Center  
  39  4:11  Cyclone, SCV, Marine x2  
  45  4:24  Raven  
  47  4:32  Supply Depot  
  47  4:45  Command Center  
  47  4:53  SCV, Siege Tank, Marine x2  
  47  4:57  Refinery  
  53  5:05  Orbital Command  
  53  5:06  SCV  
  54  5:11  Marine  
  52  5:19  Marine  
  52  5:21  SCV  
  52  5:25  Siege Tank  
  49  5:29  Marine  
  49  5:33  SCV x2  
  52  5:37  Marine  
  53  5:45  SCV x2  
  53  5:46  Marine  
  52  5:53  Banshee, Cloaking Field  
  52  5:54  Marine  
  56  5:58  Supply Depot  
  56  6:01  Orbital Command  
  56  6:02  SCV  
  57  6:04  SCV, Marine  
  57  6:09  Siege Tank  
  62  6:12  Marine  
  62  6:17  SCV x2  
  63  6:29  SCV x3  
  63  6:30  Marine x2  
  68  6:36  Banshee  
  71  6:40  Barracks x2  
  71  6:41  SCV  
  71  6:45  SCV  
  73  6:47  SCV  
  73  6:53  SCV  
  73  6:54  Siege Tank  
  73  6:57  SCV  
  73  6:59  SCV, Marine x2  
  80  7:05  SCV  
  81  7:09  SCV  
  81  7:12  SCV  
  83  7:17  SCV, Marine x2  
  83  7:19  Banshee  
  89  7:26  Siege Tank  
  92  7:31  Barracks Tech Lab x2  
  92  7:34  Marine  
  93  7:39  SCV, Marine  
  93  7:40  SCV  
  88  7:44  Orbital Command  
  88  7:50  Barracks  
  88  7:51  Barracks  
  88  7:52  Marine  
  88  7:55  Engineering Bay, Stimpack  
  88  7:57  Marine  
  90  8:00  Combat Shield, Marine x2  
  92  8:07  SCV x2  
  92  8:08  Starport Reactor  
  92  8:10  SCV, Marine  
  92  8:12  Engineering Bay  
  95  8:15  Marine  
  95  8:19  SCV x2  
  97  8:21  Supply Depot  
  97  8:22  Refinery, Terran Infantry Weapons Level 1  
  97  8:29  Marine x2  
  97  8:30  Marine  
  97  8:32  SCV  
  97  8:33  SCV, Marine  
  100  8:41  Terran Infantry Armor Level 1  
  100  8:42  Supply Depot, Siege Tank  
  100  8:45  Missile Turret  
  100  8:47  Marine x2  
  100  8:48  SCV x2  
  107  8:49  SCV  
  107  8:53  Supply Depot  
  107  8:54  Supply Depot, Barracks Reactor  
  108  8:57  Barracks Reactor  
  108  9:02  Missile Turret  
  108  9:04  Medivac  
  108  9:05  Medivac  
  108  9:06  Supply Depot  
  108  9:09  Armory  
  113  9:10  SCV x2  
  113  9:13  Marine x3  
  113  9:15  Marine  
  118  9:23  Siege Tank  
  120  9:31  Marine x3  
  117  9:33  Marine x4  
  117  9:35  Marine  
  124  9:45  Medivac x2  
  122  9:46  SCV x2  
  122  9:47  Refinery  
  122  9:48  Refinery  
  122  9:49  Marine x3  
  122  9:50  Marine  
  122  9:51  Marine x2  
  122  9:52  Supply Depot  
  132  9:53  Marine x2  
  132  9:54  Supply Depot, SCV  
  135  10:06  Siege Tank, Marine  
  135  10:07  Marine x2  
  138  10:12  Marine x3  
  138  10:13  Marine  
  142  10:18  Supply Depot  
  132  10:24  Marine x3  
  132  10:25  Marine  
  135  10:29  Marine x3  
  135  10:31  Marine  
  135  10:32  Command Center  
  139  10:36  Terran Infantry Armor Level 2  
  139  10:38  Terran Infantry Weapons Level 2, Siege Tank  
  139  10:42  Marine  
  143  10:44  SCV  
  143  10:45  SCV  
  143  10:49  Marine  
  146  10:50  Sensor Tower  
  146  10:51  Marine x2  
  148  10:57  Medivac  
  148  11:01  Medivac  
  148  11:02  Marine  
  148  11:03  Marine x4  
  155  11:07  Marine  
  155  11:09  Marine x2  
  158  11:17  Siege Tank  
  152  11:20  Marine  
  152  11:21  Marine x4  
  152  11:23  Factory  
  152  11:24  SCV x3  
  152  11:25  Marine  
  161  11:32  Medivac x2  
  162  11:38  Terran Vehicle Weapons Level 1, Marine  
  162  11:39  Marine x2  
  165  11:44  Marine x2  
  165  11:46  Marine x2  
  169  11:48  Sensor Tower, Planetary Fortress  
  169  11:51  Marine  
  170  11:55  SCV x3  
  170  11:59  Marine x3  
  176  12:05  Supply Depot  
  176  12:06  Supply Depot  
  176  12:07  Siege Tank  
  176  12:08  Marine  
  180  12:10  Marine x2  
  180  12:13  Marine x2  
  184  12:16  Marine  
  184  12:17  Marine  
  186  12:27  Marine  
  186  12:28  Siege Tank  
  186  12:29  Marine  
  187  12:31  Medivac x2  
  187  12:35  Marine  
  183  12:38  Marine  
  183  12:39  Siege Tank, Marine x3  
  183  12:42  Marine  
  189  12:44  Marine  
  189  12:47  Marine  
  188  12:53  Marine  
  188  12:56  Marine  
  188  12:57  Marine x3  
  193  13:00  Siege Tank, Marine  
  193  13:01  Medivac  
  193  13:02  Supply Depot, Marine  
  200  13:11  Siege Tank  
  198  13:17  Viking  
  200  13:24  Marine  
  200  13:25  Starport  
  200  13:27  Starport, Marine x7  
  195  13:42  Marine  
  195  13:43  Siege Tank  
  195  13:44  Marine  
  195  13:45  Terran Infantry Weapons Level 3  
  194  14:03  Viking x2  
  194  14:04  Viking  
  194  14:06  Viking  
  194  14:29  Siege Tank  
  194  14:30  Siege Tank  
  196  14:33  Viking x2  
  195  14:39  Marine x5  
  195  14:46  Marine  
  195  14:47  Marine x2  
  195  14:50  Viking x2  
  200  14:55  Command Center  
  200  14:56  Command Center, Marine  
  200  14:57  Terran Infantry Armor Level 3, Refinery x2, Marine  
  200  14:59  Marine x3  
  181  15:02  Siege Tank  
  181  15:03  Medivac x2  
  181  15:04  Marine x2  
  181  15:06  Marine  
  177  15:14  Marine x2  
  177  15:16  Marine  
  177  15:17  Marine x2  
  177  15:20  Viking x2  
  186  15:22  Marine  
  187  15:35  Missile Turret  
  187  15:36  Missile Turret  
  187  15:37  Missile Turret  
  187  15:52  Fusion Core, Starport Reactor x2  
  187  16:02  Siege Tank  
  189  16:07  Siege Tank  
  186  16:20  Marine  
  186  16:22  Marine x5  
  186  16:23  Marine  
  186  16:24  Marine  
  151  16:28  Liberator x2  
  151  16:30  Viking  
  151  16:31  Liberator x2  
  162  16:38  Marine  
  159  16:40  Marine x6  
  159  16:42  Orbital Command, Marine  
  166  16:56  Siege Tank x2, Marine  
  166  16:58  Marine x6  
  166  16:59  Marine  
  175  17:14  Marine  
  175  17:16  Planetary Fortress, Marine x6  
  175  17:17  Marine  
  175  17:20  Liberator x2  
  188  17:28  Siege Tank x2  
  169  17:32  Marine  
  169  17:33  Marine  
  169  17:34  Marine x5  
  169  17:35  Marine  
  161  17:45  Advanced Ballistics  
  161  17:50  Marine  
  157  17:51  Marine  
  157  17:52  Marine x5  
  157  17:53  Marine  
  164  18:00  Siege Tank x2  
  170  18:07  Marine  
  170  18:09  Marine x6  
  170  18:11  Marine  
  175  18:25  Marine  
  162  18:27  Marine x5  
  162  18:28  Marine  
  162  18:30  Marine  
  162  18:32  Siege Tank x2  
  163  18:43  Marine  
  163  18:45  Marine x5  
  163  18:46  Marine  
  163  18:47  Marine  
  171  18:57  Viking  
  171  19:01  Marine  
  171  19:02  Marine, Orbital Command  
  149  19:03  Marine x5  
  149  19:04  Siege Tank x2  
  149  19:05  Marine  
  154  19:14  Viking  
  154  19:15  Viking  
  151  19:19  Marine  
  151  19:20  Marine  
  151  19:21  Marine x5  
  151  19:24  Marine  
  143  19:26  Viking x3  
  150  19:36  SCV x3, Marine  
  150  19:37  SCV  
  150  19:38  Marine x3  
  155  19:39  Viking  
  155  19:40  Marine  
  161  19:48  Viking x2  
  161  19:52  Marine  
  160  19:54  Marine x3  
  163  20:01  Siege Tank  
  163  20:06  Viking x2  
  167  20:15  Siege Tank  
  167  20:21  Marine x3  
  142  20:23  Marine  
  142  20:25  Marine x2  
  142  20:27  Marine x2  
  140  20:33  Siege Tank  
  143  20:38  Marine  
  143  20:39  Marine x2  
  143  20:41  Marine  
  147  20:43  Marine x2  
  147  20:47  Siege Tank  
  152  20:58  Viking x2, Sensor Tower  
  155  21:06  Viking x2, Siege Tank  
  155  21:09  Marine  
  163  21:17  Viking x2  
  161  21:19  Marine  
  152  21:28  Marine x7  
  152  21:32  Siege Tank  
  161  21:37  Marine  
  161  21:38  Siege Tank  
  165  21:46  Marine x4  
  167  21:51  Marine x3  
  170  21:55  Marine  
  158  22:03  Marine  
  158  22:04  Siege Tank, Marine x3  
  156  22:09  Marine x2  
  156  22:10  Siege Tank  
  156  22:12  Marine  
  156  22:14  Marine  
  156  22:21  Marine  
  156  22:22  Marine x3  
  150  22:27  Orbital Command, Marine x2  
  140  22:30  Marine  
  140  22:31  Marine  
  140  22:36  Siege Tank  
  145  22:42  Siege Tank  
  148  22:49  Marine  
  148  22:50  Marine x7  
  156  22:54  Medivac x2  
  160  23:08  Siege Tank  
  157  23:13  Liberator x2  
  157  23:14  Siege Tank, Marine x2  
  155  23:33  Medivac x2  
  157  23:40  Siege Tank  
  160  23:46  Siege Tank  
  160  23:47  Marine x2  
  163  24:08  Marine  
  141  24:10  Marine  
  141  24:12  Siege Tank  
  141  24:14  Marine  
  141  24:16  Marine  
  146  24:18  Siege Tank  
  146  24:22  Orbital Command  
  146  24:23  Marine  
  140  24:44  Siege Tank  
  142  24:50  Siege Tank, Marine  
  136  24:57  Marine  
  137  25:01  Marine  
  137  25:02  Marine  
  139  25:08  Marine  
  139  25:13  Marine x4  
  139  25:15  Marine  
  139  25:16  Siege Tank  
  142  25:22  Siege Tank  
  145  25:43  Sensor Tower  
  145  25:48  Marine x4  
  145  25:49  Siege Tank, Marine  
  156  25:51  Liberator  
  156  25:54  Siege Tank  
  157  26:06  Marine x4  
  157  26:07  Marine  
  159  26:14  Marine x3  
  159  26:17  Liberator  
  165  26:21  Siege Tank  
  165  26:24  Marine x5  
  173  26:27  Siege Tank  
  170  26:41  Marine  
  170  26:42  Marine  
  170  26:43  Marine  
  170  26:46  Marine  
  174  26:53  Siege Tank  
  174  26:54  Viking  
  174  26:55  Viking  
  174  26:59  Siege Tank  
  174  27:00  Marine  
  179  27:18  Marine x2  
  175  27:23  Marine  
  175  27:24  Marine x2  
  175  27:25  Siege Tank  
  175  27:27  Marine  
  145  27:31  Marine x2  
  145  27:36  Marine x2  
  145  27:41  Marine x2  
  145  27:42  Marine  
  141  27:44  Marine  
  141  27:49  Marine x2  
  138  27:54  Marine  
  104  28:15  Marine  
  98  28:30  Marine  
  98  28:32  Orbital Command  
  68  29:04  Marine  
  68  29:07  Marine  
  68  29:09  Marine  
  43  29:10  Orbital Command  
  43  29:14  Marine  
  35  29:18  Marine  
  35  29:22  Marine  
  37  29:30  Marine x2  
  39  29:35  Medivac  
  41  29:39  Marine x2  
  43  29:51  Siege Tank, Marine  
  43  29:54  Orbital Command  
  37  30:03  Marine  
  37  30:06  Marine  
  39  30:09  Marine  
  40  30:18  Marine x3  
  40  30:19  Marine  
  30  30:29  Marine  
Tags
 
Add a new tag
Caveats
  • Supply blocks, unpowered buildings, or Contaminate may cause inaccurate times.
  • Supply counts are checked every 10 seconds.